 Dungeon Sprint DCSS version 0.26-a0-846-gcc8f1ee719 (webtiles) character file.

Game seed: 15574209305397832300

509 rocky1 the Frost Mage (level 7, -10/36 HPs)
             Began as a Gargoyle Ice Elementalist on Nov 20, 2020.
             Was a High Priest of Sif Muna.
             Killed from afar by a smoke demon (22 damage)
             ... with a ball of steam
             ... in the Dungeon (Sprint VII: "The Pits").
             The game lasted 00:04:05 (460 turns).

rocky1 the Frost Mage (Gargoyle Ice Elementalist)    Turns: 460, Time: 00:04:05

Health: -10/36     AC:  6    Str: 11    XL:     7   Next: 19%
Magic:  7/13       EV: 12    Int: 18    God:    Sif Muna [*****.]
Gold:   0          SH:  0    Dex: 10    Spells: 4/15 levels left

rFire    . . .     SeeInvis .   n - +1 flail (vorpal)
rCold    . . .     Faith    .   (no shield)
rNeg     + . .     Spirit   .   a - +0 robe
rPois    ∞         Reflect  .   (no helmet)
rElec    +         Harm     .   (no cloak)
rCorr    .         Rampage  .   (no gloves)
MR       .....     NoTele   +   (no boots)
Stlth    +.........             (no amulet)
HPRegen  0.12/turn              (no ring)
MPRegen  0.13/turn              (no ring)

@: liquid flames, frozen ramparts, glowing
A: negative energy resistance 1, electricity resistance, unbreathing,
petrification resistance, rot immunity, AC +4
a: Channel Magic, Forget Spell, Divine Exegesis, Renounce Religion


You were in the Dungeon.
You worshipped Sif Muna.
Sif Muna was extremely pleased with you.
You visited 1 branch

Inventory:

Hand Weapons
 n - a +1 vorpal flail (weapon)
Armour
 a - a +0 robe (worn)
 d - a +0 kite shield
Scrolls
 h - a scroll of blinking
 i - 3 scrolls of remove curse
 j - 5 scrolls of amnesia
 k - a scroll of summoning
Potions
 b - 2 potions of invisibility
 c - 6 potions of curing
 e - a potion of haste
 f - 4 potions of magic
 g - 2 potions of berserk rage
 m - 4 potions of heal wounds


   Skills:
 - Level 1.5 Dodging
 - Level 2.1 Stealth
 - Level 4.5 Spellcasting
 * Level 6.0 Conjurations
 * Level 12.0 Ice Magic
 + Level 6.4 Invocations


You had 4 spell levels left.
You knew the following spells:

 Your Spells              Type           Power        Failure   Level
a - Freeze                Ice            ####         1%          1
b - Frozen Ramparts       Ice            #####.       1%          3
c - Ozocubu's Armour      Ice            #####...     1%          3
d - Hailstorm             Conj/Ice       #####...     3%          4

Your spell library contained the following spells:

 Spells                   Type           Power        Failure   Level
 Summon Ice Beast         Ice/Summ       ####....     12%         4
 Swiftness                Air            #.......     22%         2
 Freezing Cloud           Conj/Ice/Air   ####......   87%         6
 Chain Lightning          Conj/Air       ###.......   100%        8
 Ignition                 Fire           #.........   100%        8


Dungeon Overview and Level Annotations

Branches:
Dungeon (1/1)

Altars:
Ashenzari
Cheibriados
Dithmenos
Elyvilon
Fedhas
Gozag
Hepliaklqana
Kikubaaqudgha
Makhleb
Nemelex Xobeh
Okawaru
Qazlal
Ru
Sif Muna
Trog
Uskayaw
Vehumet
Wu Jian
Xom
Yredelemnul
Zin
The Shining One
Beogh
Jiyva
Lugonu


Innate Abilities, Weirdness & Mutations

You are resistant to torment.
Your stone body is resilient. (AC +4)
You are immune to poison.
You resist negative energy. (rN+)
You are resistant to electric shocks. (rElec)
You can survive without breathing.
You are immune to petrification.
You are immune to rotting.


Message History

The smoke demon gestures at you.
The sticky flame hits you but does no damage.
You are covered in liquid flames!
The heat melts your icy armour.
You barely miss the smoke demon.
The smoke demon is heavily wounded.
You are covered in liquid flames!
The wall freezes the smoke demon!
The smoke demon hits you but does no damage.
The smoke demon hits you. The smoke demon misses you.
The heat melts your icy armour.
You closely miss the smoke demon.
The smoke demon is severely wounded.
You are covered in liquid flames!
The wall freezes the smoke demon.
The smoke demon gestures at you. The ball of steam hits you!!
Your icy armour melts away.
Ouch! That really hurt!
You die...

#)#..#.)))[##.......#
#'###########.......#
#)......# #########
#...#...# #.).#...#
#.##.##.#+#
#...#...#.+
#...#...#3#
#.......'@#
###########


You could see a smoke demon.

Vanquished Creatures
  A floating eye (D)
  A gnoll sergeant (D)
  5 wights (D)
  A quasit (D)
  Terence (D)
  5 gnolls (D)
  2 river rats (D)
  2 ufetubi (D)
  A leopard gecko (D)
  2 orcs (D)
  A bat zombie (D)
  2 hobgoblins (D)
  A frilled lizard (D)
25 creatures vanquished.

Notes
Turn   | Place    | Note
-------+----------+-------------------------------------------
     0 | D        | rocky1 the Gargoyle Ice Elementalist began the quest for
                  | the Orb.
     0 | D        | Reached XP level 1. HP: 10/10 MP: 3/3
    17 | D        | Noticed a floating eye
    24 | D        | Paralysed by a floating eye for 2 turns
    33 | D        | Paralysed by a floating eye for 2 turns
    36 | D        | Killed a floating eye
    37 | D        | Reached skill level 9 in Ice Magic
    37 | D        | Reached XP level 2. HP: 15/15 MP: 5/5
    37 | D        | Reached XP level 3. HP: 19/19 MP: 6/6
    37 | D        | Reached XP level 4. HP: 24/24 MP: 7/7
    41 | D        | Learned a level 3 spell: Frozen Ramparts
    45 | D        | Learned a level 3 spell: Ozocubu's Armour
    74 | D        | Found a bloodstained altar of Trog.
    74 | D        | Found a shimmering blue altar of Sif Muna.
    74 | D        | Found a viscous altar of Jiyva.
    74 | D        | Found a hazy altar of Hepliaklqana.
    74 | D        | Found an opulent altar of Gozag.
    75 | D        | Found a glowing golden altar of the Shining One.
    75 | D        | Found a glowing silver altar of Zin.
    75 | D        | Found a basalt altar of Yredelemnul.
    75 | D        | Found a shimmering altar of Xom.
    75 | D        | Found an ornate altar of the Wu Jian Council.
    75 | D        | Found a sacrificial altar of Ru.
    75 | D        | Found a stormy altar of Qazlal.
    75 | D        | Found an iron altar of Okawaru.
    75 | D        | Found a sparkling altar of Nemelex Xobeh.
    75 | D        | Found a burning altar of Makhleb.
    75 | D        | Found a blossoming altar of Fedhas.
    75 | D        | Found a white marble altar of Elyvilon.
    75 | D        | Found a shadowy altar of Dithmenos.
    75 | D        | Found a snail-covered altar of Cheibriados.
    77 | D        | Found a radiant altar of Vehumet.
    77 | D        | Found a corrupted altar of Lugonu.
    77 | D        | Found a roughly hewn altar of Beogh.
    78 | D        | Found a hide-covered altar of Uskayaw.
    78 | D        | Found an ancient bone altar of Kikubaaqudgha.
    78 | D        | Found a broken altar of Ashenzari.
    80 | D        | Became a worshipper of Sif Muna the Loreminder
   108 | D        | Reached * piety under Sif Muna
   123 | D        | Reached skill level 10 in Ice Magic
   123 | D        | Reached skill level 1 in Invocations
   123 | D        | Reached XP level 5. HP: 28/28 MP: 2/8
   126 | D        | Reached ** piety under Sif Muna
   134 | D        | Reached *** piety under Sif Muna
   139 | D        | Reached XP level 6. HP: 24/32 MP: 1/12
   144 | D        | Learned a level 4 spell: Hailstorm
   357 | D        | Noticed Terence
   367 | D        | Reached **** piety under Sif Muna
   368 | D        | Reached skill level 11 in Ice Magic
   368 | D        | Reached skill level 5 in Invocations
   385 | D        | Reached skill level 5 in Conjurations
   385 | D        | Reached ***** piety under Sif Muna
   385 | D        | Identified Sif Muna's Incunabulum of Feathery Flames (Sif
                  | Muna gifted it to you in the Dungeon)
   385 | D        | Received a gift from Sif Muna
   386 | D        | Reached XP level 7. HP: 36/36 MP: 4/13
   387 | D        | Killed Terence
   389 | D        | Reached skill level 12 in Ice Magic
   455 | D        | Noticed a smoke demon
   460 | D        | Killed from afar by a smoke demon

Illustrated notes

Levels and vault maps discovered:
D:        pitsprint [storerooms_1, entrance_room_1, metal_vault_4, armoury_2,
          mini_pit_1, grid_room_1, main_hall_1, silver_pit, the_coven_3,
          the_vestibule_1, steel_vault_3, golden_pit, hallway_of_sentries,
          crystal_vault_4, iron_vault_4, final_vault]

Skill      XL: |  1  2  3  4  5  6  7 |
---------------+----------------------+-----
Ice Magic      | 9 10 11 12 | 12.0
Invocations    | 1 4 6 |  6.4
Spellcasting   | 4 |  4.5
Conjurations   | 5 6 |  6.0
Dodging        | |  1.5
Stealth        | |  2.1

Action                   |  1- 3 |  4- 6 |  7- 9 || total
-------------------------+-------+-------+-------++-------
Melee: Unarmed           |    16 |       |       ||    16
       Mace              |       |    14 |       ||    14
       Flail             |       |    20 |     7 ||    27
 Cast: Frozen Ramparts   |       |     7 |     1 ||     8
       Ozocubu's Armour  |       |     1 |     1 ||     2
  Use: Potion            |       |     3 |       ||     3
 Stab: Sleeping          |       |     1 |       ||     1
Armor: Robe              |       |    15 |     3 ||    18
Dodge: Dodged            |       |    26 |     1 ||    27

Table legend: (Time is in decaauts)
 A = Elapsed time spent in this place.
 B = Non-inter-level travel time spent in this place.
 C = Inter-level travel time spent in this place.
 D = Time resting spent in this place.
 E = Time spent auto-exploring this place.
 F = Levels seen in this place.
 G = Mean time per level.
                   A        B        C        D        E       F      G
               +--------+--------+--------+--------+--------+-----+--------+
         Total |    482 |    482 |      0 |    156 |      0 |   1 |  482.0 |
       Dungeon |    482 |    482 |      0 |    156 |      0 |   1 |  482.0 |
               +--------+--------+--------+--------+--------+-----+--------+

Top non-repeatable levels by time:
       D: 482 daAuts
